 Dungeon Crawl Stone Soup version 0.26-a0-852-g6321bf7485 (webtiles) character file.

Game seed: 13264467183845420348

35 Demosthentine the Shield-Bearer (level 3, -8/29 HPs)
             Began as a Formicid Fighter on Nov 21, 2020.
             Killed from afar by Robin (10 damage)
             ... with a puff of flame
             ... on level 2 of the Dungeon.
             The game lasted 00:00:48 (909 turns).

Demosthentine the Shield-Bearer (Formicid Fighter)   Turns: 909, Time: 00:00:48

Health: -8/29      AC:  6    Str: 21    XL:     3   Next: 55%
Magic:  3/3        EV:  8    Int:  7    God:
Gold:   43         SH: 10    Dex: 16    Spells: 2/2 levels left

rFire    . . .     SeeInvis +   a - +1 war axe
rCold    . . .     Faith    .   c - +0 kite shield
rNeg     . . .     Spirit   .   b - +0 scale mail
rPois    .         Reflect  .   (helmet unavailable)
rElec    .         Harm     .   (no cloak)
rCorr    .         Rampage  .   (no gloves)
MR       .....                  (no boots)
Stlth    ..........             (no amulet)
HPRegen  0.09/turn              h - +6 ring of dexterity
MPRegen  0.08/turn              (no ring)

@: no status effects
A: permanent stasis, dig shafts and tunnels, four strong arms, antennae 3
a: Dig, Shaft Self


You were on level 2 of the Dungeon.
You visited 1 branch of the dungeon, and saw 2 of its levels.

You collected 43 gold pieces.

Inventory:

Hand Weapons
 a - a +1 war axe (weapon)
Armour
 b - a +0 scale mail (worn)
 c - a +0 kite shield (worn)
Jewellery
 h - a +6 ring of dexterity (left hand)
Potions
 d - a potion of might
 j - a potion of cancellation


   Skills:
 + Level 3.6 Fighting
 + Level 2.3 Axes
 + Level 3.6 Armour
 + Level 0.9 Dodging
 + Level 4.0 Shields


You had 2 spell levels left.
You didn't know any spells.
Your spell library was empty.

Dungeon Overview and Level Annotations

Branches:
Dungeon (2/15)

Altars:

Annotations:
D:2 Robin


Innate Abilities, Weirdness & Mutations

You cannot be hasted, slowed, berserked, paralysed or teleported.
You can dig through walls and to a lower floor.
Your four strong arms can wield two-handed weapons with a shield.
You have a pair of large antennae on your head. (SInv)


Message History

The goblin is almost dead.
You hit the goblin.
You kill the goblin!
The goblin no longer looks unusually strong.
You block the goblin's attack.
Unknown command.
You barely miss the goblin.
The goblin is almost dead.
The goblin hits you but does no damage.
Unknown command.
You barely miss the goblin.
The goblin is almost dead.
You block the goblin's attack. The goblin hits you but does no damage.
Unknown command.
You hit the goblin.
You kill the goblin!
Robin zaps a wand.
The puff of flame hits you.
* * * LOW HITPOINT WARNING * * *
Robin zaps a wand.
The puff of flame hits you!
You die...

#.#####
#...@)#
#.###†#
#)()....#
...g.###.#
##.....
#.#.#.#
#.....#
##...#.
##. ..


You could see Robin and a +2 spectral club (summoned).

Vanquished Creatures
  A worm (D:2)
  A dart slug (D:1)
  12 goblins
  2 hobgoblins
  5 bats
  2 frilled lizards (D:1)
  4 kobolds
  2 rats (D:1)
29 creatures vanquished.

Notes
Turn   | Place    | Note
-------+----------+-------------------------------------------
     0 | D:1      | Demosthentine the Formicid Fighter began the quest for the
                  | Orb.
     0 | D:1      | Reached XP level 1. HP: 18/18 MP: 1/1
   217 | D:1      | Reached XP level 2. HP: 24/24 MP: 2/2
   891 | D:2      | Noticed Robin
   894 | D:2      | Reached XP level 3. HP: 29/29 MP: 3/3
   899 | D:2      | Reached skill level 4 in Shields
   909 | D:2      | Killed from afar by Robin

Illustrated notes

Levels and vault maps discovered:
D:1:      minmay_arrival_split_and_join, layout_loops_ring
D:2:      layout_loops_ring, kennysheep_generic_room_14, uniq_sigmund,
          uniq_robin, uniq_terence

Skill      XL: |  1  2  3 |
---------------+----------+-----
Shields        | 4 |  4.0
Fighting       | |  3.6
Axes           | |  2.3
Armour         | |  3.6
Dodging        | |  0.9

Action                   || total
-------------------------++-------
Melee: War axe           ||    65
  Use: Scroll            ||     4
       Potion            ||     1
 Stab: Distracted        ||     1
Armor: Scale mail        ||    48
Dodge: Dodged            ||    37
Block: Kite shield       ||    42

Table legend: (Time is in decaauts)
 A = Elapsed time spent in this place.
 B = Non-inter-level travel time spent in this place.
 C = Inter-level travel time spent in this place.
 D = Time resting spent in this place.
 E = Time spent auto-exploring this place.
 F = Levels seen in this place.
 G = Mean time per level.
                   A        B        C        D        E       F      G
               +--------+--------+--------+--------+--------+-----+--------+
         Total |    937 |    856 |     81 |      0 |    693 |   2 |  468.5 |
       Dungeon |    937 |    856 |     81 |      0 |    693 |   2 |  468.5 |
               +--------+--------+--------+--------+--------+-----+--------+

Top non-repeatable levels by time:
     D:1: 907 daAuts
     D:2: 30 daAuts
